 Dungeon Crawl Stone Soup version 0.30-a0-883-g5ad918d77d (webtiles) character file.

Game seed: 2770467477696995639

319 GordonOverkill the Cudgeller (level 7, 0/11 (57) HPs)
             Began as a Meteoran Reaver on Mar 17, 2023.
             Slain by a goblin
             ... wielding a +0 club
              (3 damage)
             ... on level 3 of the Dungeon.
             The game lasted 00:10:44 (1745 turns).

GordonOverkill the Cudgeller (Meteoran Reaver)      Turns: 1745, Time: 00:10:45

HP:   0/11 (57)     AC:  6    Str: 16    XL:     7   Next: 5%
MP:   12/12         EV: 11    Int: 14    God:
Gold: 139           SH:  0    Dex: 13    Spells: 9/12 levels left

rFire   . . .      SeeInvis .    r - +3 sling "Veiwekleile" {elec, Will+}
rCold   . . .      Faith    .    (no shield)
rNeg    . . .      Spirit   .    f - +0 ring mail
rPois   .          Reflect  .    (no helmet)
rElec   .          Rampage  .    l - +0 cloak
rCorr   .                        (no gloves)
Will    +....                    (no boots)
Stlth   +                        (no amulet)
HPRegen 0.21/turn                (no ring)
MPRegen 0.13/turn                (no ring)

@: hasted, glowing, extremely drained, very quick
A: sense surroundings 1, otherworldly, glowing, explore regen
a: no special abilities


You were on level 3 of the Dungeon.
You visited 1 branch of the dungeon, and saw 4 of its levels.

You collected 139 gold pieces.

Inventory:

Hand Weapons
 a - a +0 mace
 r - the +3 sling "Veiwekleile" (weapon) {elec, Will+}
   (You found it on level 3 of the Dungeon)

   Will:      It increases your willpower.
Missiles
 c - 5 javelins
Armour
 f - a +0 ring mail (worn)
 l - a +0 cloak (worn)
 q - a +0 scale mail
Jewellery
 s - a ring of poison resistance
Scrolls
 d - 2 scrolls of identify {unknown}
 e - 2 scrolls of poison {unknown}
 h - a scroll of fog {unknown}
 i - a scroll of magic mapping {unknown}
 j - 3 scrolls of teleportation {unknown}
 m - a scroll of fear {unknown}
 o - a scroll of brand weapon {unknown}
 p - a scroll of immolation {unknown}
Potions
 b - a potion of mutation {unknown}
 g - a potion of lignification {unknown}
 n - a potion of curing {unknown}


   Skills:
 - Level 3.0 Fighting
 - Level 7.5 Maces & Flails
 + Level 2.7 Ranged Weapons
 - Level 3.0 Dodging
 - Level 3.0 Spellcasting
 - Level 4.0 Conjurations


You had 9 spell levels left.
You knew the following spells:

 Your Spells              Type           Power      Damage    Failure   Level
a - Kiss of Death         Conj/Necr      28%        2d7       19%         1
b - Momentum Strike       Conj/Tloc      14%        3d8       26%         2

Your spell library contained the following spells:

 Spells                   Type           Power      Damage    Failure   Level
 Hailstorm                Conj/Ice       7%         3d4       47%         3


Dungeon Overview and Level Annotations

Branches:
Dungeon (4/15) Zot: 615
 Temple: D:4-7

Altars:
Ashenzari


Innate Abilities, Weirdness & Mutations

You passively map a small area around you.
You are easily found by Zot.
You glow in the dark.
You regain HP and MP as you explore.


Message History

The phantom hits you.
* * * LOW HITPOINT WARNING * * *
The phantom blinks!
You blink.
Fire: r) +3 sling "Veiwekleile" {elec, Will+}
Press: ? - help, Q - select action, (/) - cycle Shift-Dir - straight line, f/p - phantom
Aim: a phantom (moderately damaged, 50% to hit)
You shoot a sling bullet. The sling bullet hits the phantom!
The phantom is heavily damaged.
The phantom completely misses you. The phantom closely misses you.
Fire: r) +3 sling "Veiwekleile" {elec, Will+}
Press: ? - help, Q - select action, (/) - cycle Shift-Dir - straight line, f/p - phantom
Aim: a phantom (heavily damaged, 50% to hit)
You shoot a sling bullet. The sling bullet misses the phantom.
The phantom closely misses you.
Fire: r) +3 sling "Veiwekleile" {elec, Will+}
Press: ? - help, Q - select action, (/) - cycle Shift-Dir - straight line, f/p - phantom
Aim: a phantom (heavily damaged, 50% to hit)
You shoot a sling bullet.
The sling bullet barely misses the phantom.
The phantom barely misses you. The phantom hits you.
Ouch! That really hurt!
* * * LOW HITPOINT WARNING * * *
The phantom blinks!
You blink.
A quokka comes into view.
A goblin comes into view. It is wielding a +0 club.
You feel yourself speed up.
The goblin shouts!
The phantom hits you but does no damage.
Found a scroll labelled IROULI QUJOODY.
There is a stone staircase leading up here.
The goblin barely misses you.
You climb upwards.
There is a stone staircase leading down here.
Fire: r) +3 sling "Veiwekleile" {elec, Will+}
Press: ? - help, Q - select action, (/) - cycle Shift-Dir - straight line, f - goblin
Aim: a goblin, wielding a +0 club (53% to hit)
You shoot a sling bullet.
The sling bullet completely misses the goblin.
The goblin hits you with a +0 club.
You die...

....##.........#
...............#
*##.#.[.##.###
######'###)##..#
#............#.##
#.........##....#
#.........####..##
#####...### #...#
#...# ##g@# #...#
##.# #)..# * #.# *
......! #.#
#############
.......?.. #.#
#...........#
?.......... #.#
#(########.##
............ #.#
#.# #.#
............. ,#.#
#.# #.#
.........####* #.#
#.# #.#


You could see a goblin.

Vanquished Creatures
  A bullfrog (D:3)
  A scorpion (D:3)
  Jessica (D:2)
  Natasha (twice) (D:3)
  An iguana (D:3)
  3 adders (D:2)
  A worm (D:2)
  A dart slug (D:3)
  9 orcs (D:3)
  4 endoplasms
  3 giant cockroaches
  7 goblins
  2 hobgoblins
  3 jackals (D:2)
  5 kobolds
  3 quokkas
  2 ball pythons
  6 bats
  5 frilled lizards
  5 rats
65 creatures vanquished.

Notes
Turn   | Place    | Note
-------+----------+-------------------------------------------
     0 | D:1      | GordonOverkill the Meteoran Reaver began the quest for the
                  | Orb.
     0 | D:1      | Reached XP level 1. HP: 17/17 MP: 5/5
    58 | D:1      | Reached XP level 2. HP: 19/22 MP: 6/6
    58 | D:1      | Found a faded altar of an unknown god.
   305 | D:1      | Reached XP level 3. HP: 30/30 MP: 8/8
   481 | D:1      | Glimpsed the power of Zot.
   596 | D:2      | Noticed Jessica
   605 | D:2      | Killed Jessica
   606 | D:2      | Reached skill level 5 in Maces & Flails
   606 | D:2      | Reached XP level 4. HP: 16/26 MP: 6/9
   789 | D:2      | Reached XP level 5. HP: 22/22 MP: 10/10
  1073 | D:2      | Glimpsed the power of Zot.
  1123 | D:2      | Glimpsed the power of Zot.
  1144 | D:3      | Learned a level 2 spell: Momentum Strike
  1159 | D:3      | Reached skill level 6 in Maces & Flails
  1186 | D:3      | Noticed Natasha
  1196 | D:3      | Killed Natasha
  1197 | D:3      | Reached skill level 7 in Maces & Flails
  1197 | D:3      | Reached XP level 6. HP: 14/25 MP: 9/11
  1359 | D:3      | Identified the +3 sling "Veiwekleile" {elec, Will+}
  1396 | D:3      | Found a broken altar of Ashenzari.
  1435 | D:3      | Noticed Natasha
  1443 | D:3      | HP: 1/25 [Natasha (7)]
  1445 | D:3      | Killed Natasha
  1446 | D:3      | Reached XP level 7. HP: 2/20 MP: 8/12
  1665 | D:3      | Glimpsed the power of Zot.
  1713 | D:3      | Glimpsed the power of Zot.
  1745 | D:3      | Slain by a goblin

Illustrated notes

Levels and vault maps discovered:
D:1:      lightli_arrival_boilingwater, layout_basic,
          ebering_ecumenical_altar_box
D:2:      layout_rooms, nicolae_hexahallways, minmay_door_square, uniq_jessica
D:3:      layout_basic, ashenzari_conservatory_becter, uniq_natasha
D:4:      layout_cave_pools, minmay_distorted

Skill      XL: |  1  2  3  4  5  6 |
---------------+-------------------+-----
Spellcasting   | 3 |  3.0
Conjurations   | 4 |  4.0
Dodging        | 3 |  3.0
Fighting       | 3 |  3.0
Maces & Flails | 5 7 |  7.5
Ranged Weapons | 2 |  2.7

Action                     |  1- 3 |  4- 6 |  7- 9 || total
---------------------------+-------+-------+-------++-------
  Melee: Mace              |    54 |    87 |       ||   141
         Punch             |       |     1 |       ||     1
   Fire: Sling             |       |     8 |    25 ||    33
   Cast: Kiss of Death     |     5 |     9 |     1 ||    15
    Use: Potion            |       |     1 |     1 ||     2
 Armour: Leather armour    |    13 |       |       ||    13
         Ring mail         |    15 |    35 |     7 ||    57
  Dodge: Dodged            |    22 |    43 |    23 ||    88

Table legend: (Time is in decaauts)
 A = Elapsed time spent in this place.
 B = Non-inter-level travel time spent in this place.
 C = Inter-level travel time spent in this place.
 D = Time resting spent in this place.
 E = Time spent auto-exploring this place.
 F = Levels seen in this place.
 G = Mean time per level.
                   A        B        C        D        E       F      G
               +--------+--------+--------+--------+--------+-----+--------+
         Total |   1783 |   1654 |    129 |     70 |    396 |   4 |  445.8 |
       Dungeon |   1783 |   1654 |    129 |     70 |    396 |   4 |  445.8 |
               +--------+--------+--------+--------+--------+-----+--------+

Top non-repeatable levels by time:
     D:2: 627 daAuts
     D:3: 611 daAuts
     D:1: 523 daAuts
     D:4: 20 daAuts
